AoeStats
← El Fantasma de Pancho Villa

Black Forest

508373454Analyzed
4v4 RM · 9d ago on Sep 22, 2026· 53m 4s· 8 players
Game mode
Random Map
Map size
Large (8 player)
Population
200
Speed
Normal
Resources
Standard
Victory
Conquest
Starting age
Dark Age
Ending age
Imperial Age
RankedLock teamsTeams togetherTeam positionsShared explorationLock speedFull tech treeHidden civsTurbo modeCheats
Victory
Defeat
🇦🇷 Mongols · Argentina
1151
+18
🇦🇷 Vikings · Argentina
1147
+18
🇦🇷 Persians · Argentina
1137
+18
🇲🇽 Dravidians · Mexico
1097
+20
🇧🇪 Teutons · Belgium
1226
-19
🇺🇸 Japanese · United States
1195
-19
🇺🇸 Cumans · United States
1189
-19
🇺🇸 Bohemians · United States
1142
-17
Quimimoshly06
0:54 Loom
14:18 Feudal Age
14:54 Town Watch
18:05 Castle Age
16:47 Double-Bit Axe
23:21 Bow Saw
27:14 Fishing Lines
31:58 Wheelbarrow
32:53 Gold Mining
32:56 Stone Mining
33:19 Caravan
34:11 Hand Cart
35:07 Town Patrol
38:04 Imperial Age
35:28 Fletching
35:39 Padded Archer Armor
35:29 Horse Collar
36:13 Heavy Plow
36:57 Gillnets
37:18 Medical Corps
37:30 Fortified Wall
37:17 Murder Holes
37:24 Bodkin Arrow
37:45 Leather Archer Armor
38:13 Elite Elephant Archer
38:59 Thumb Ring
38:57 Bracer
39:59 Chemistry
40:24 Ring Archer Armor
41:14 Two-Man Saw
40:52 Ballistics
40:42 Husbandry
40:03 Light Cavalry
41:30 Conscription
44:10 Heavy Scorpion
45:09 Siege Elephant
46:03 Forging
45:53 Scale Mail Armor
45:59 Scale Barding Armor
not.matiasz
2:00 Loom
11:27 Feudal Age
16:51 Castle Age
17:07 Town Watch
24:12 Fletching
31:13 Imperial Age
29:10 Horse Collar
29:19 Double-Bit Axe
29:48 Bodkin Arrow
30:22 Fortified Wall
31:01 Bow Saw
32:20 Wheelbarrow
33:02 Chemistry
33:37 Husbandry
33:48 Bloodlines
34:05 Parthian Tactics
36:10 Conscription
36:12 Ballistics
37:02 Bracer
37:03 Padded Archer Armor
37:12 Siege Engineers
38:55 Thumb Ring
40:09 Leather Archer Armor
39:46 Elite Mangudai
52:05 Hand Cart
51:51 Town Patrol
FaKuuuu
0:26 Loom
11:16 Feudal Age
15:34 Castle Age
13:42 Double-Bit Axe
14:38 Horse Collar
25:29 Heavy Plow
31:38 Imperial Age
31:32 Wheelbarrow
30:43 Town Watch
31:42 Wheelbarrow
30:53 Town Watch
31:44 Scale Barding Armor
31:49 Forging
31:32 Fletching
32:49 Hand Cart
32:35 Town Patrol
34:14 Chemistry
34:25 Chain Barding Armor
34:40 Iron Casting
33:42 Cavalier
34:32 Bloodlines
34:23 Husbandry
33:44 Light Cavalry
33:45 Heavy Camel Rider
35:49 Plate Barding Armor
35:26 Savar
35:26 Hussar
36:10 Hussar
36:22 Elite Skirmisher
36:23 Crossbowman
37:16 Kamandaran
37:29 Thumb Ring
37:28 Bodkin Arrow
38:38 Padded Archer Armor
39:39 Blast Furnace
50:45 Ballistics
50:21 Murder Holes
51:24 Caravan
Sabio Pervertido
2:54 Loom
15:14 Feudal Age
15:54 Man-at-Arms
16:22 Arson
20:11 Horse Collar
21:33 Forging
21:24 Scale Mail Armor
27:03 Castle Age
24:57 Double-Bit Axe
25:33 Fletching
25:43 Padded Archer Armor
27:17 Long Swordsman
28:17 Gambesons
28:32 Squires
28:51 Chain Mail Armor
29:12 Iron Casting
28:51 Gold Mining
28:51 Stone Mining
34:56 Imperial Age
33:50 Heavy Plow
34:04 Bow Saw
36:44 Town Watch
36:47 Two-Handed Swordsman
38:00 Plate Mail Armor
38:30 Blast Furnace
37:30 Pikeman
37:44 Champion
39:05 Crop Rotation
40:37 Two-Man Saw
39:35 Bodkin Arrow
39:55 Leather Archer Armor
40:50 Ballistics
42:07 Chemistry
42:07 Bogsveigar
42:11 Bracer
41:56 Crossbowman
43:22 Gold Shaft Mining
42:40 Arbalester
43:57 Ring Archer Armor
46:16 Scale Barding Armor
47:26 Caravan
48:41 Elite Skirmisher
52:39 Capped Ram
El Fantasma de Pancho Villa
2:25 Loom
13:57 Feudal Age
15:33 Scale Mail Armor
16:15 Man-at-Arms
19:33 Forging
23:28 Double-Bit Axe
29:59 Fletching
32:47 Wheelbarrow
37:47 Castle Age
35:50 Horse Collar
37:00 Padded Archer Armor
38:35 Bodkin Arrow
38:55 Leather Archer Armor
38:19 Crossbowman
39:27 Chain Mail Armor
38:48 Capped Ram
40:08 Thumb Ring
42:13 Murder Holes
45:19 Imperial Age
43:12 Ballistics
44:10 Iron Casting
45:07 Elite Skirmisher
47:48 Chemistry
47:29 Gold Mining
47:31 Stone Mining
49:08 Ring Archer Armor
48:23 Pikeman
49:17 Bow Saw
51:42 Plate Mail Armor
52:13 Blast Furnace
RexConquistadorLex
12:04 Feudal Age
13:21 Loom
13:28 Double-Bit Axe
15:59 Fishing Lines
18:36 Castle Age
19:38 Bow Saw
21:03 Gillnets
22:31 Fletching
28:13 Imperial Age
26:42 Caravan
27:03 Fervor
26:55 Town Watch
28:10 Wagenburg Tactics
28:09 Squires
28:35 Horse Collar
29:30 Conscription
30:12 Guilds
31:07 Chemistry
30:30 Ballistics
30:51 Heavy Plow
32:05 Wheelbarrow
31:54 Sanctity
33:44 Siege Engineers
33:52 Fortified Wall
34:09 Hand Cart
34:00 Padded Archer Armor
33:58 Bodkin Arrow
36:22 Houfnice
37:44 Elite Skirmisher
38:32 Treadmill Crane
40:23 Leather Archer Armor
41:24 Two-Man Saw
42:17 Elite Hussite Wagon
44:12 Murder Holes
44:28 Masonry
44:51 Ring Archer Armor
44:21 Bracer
47:31 Architecture
47:04 Scale Mail Armor
47:15 Forging
50:13 Bombard Tower
50:56 Chain Mail Armor
51:17 Iron Casting
Althing
0:43 Loom
11:21 Feudal Age
18:32 Castle Age
17:08 Horse Collar
17:25 Double-Bit Axe
20:49 Heavy Plow
21:02 Bow Saw
24:13 Fortified Wall
28:04 Pikeman
33:01 Imperial Age
30:38 Scale Mail Armor
31:21 Squires
31:56 Town Watch
32:46 Wheelbarrow
33:35 Chain Mail Armor
33:30 Forging
33:02 Halberdier
34:53 Chemistry
35:54 Iron Casting
35:33 Man-at-Arms
35:58 Gambesons
37:15 Crop Rotation
36:40 Long Swordsman
37:06 Arson
38:31 Plate Mail Armor
39:23 Ballistics
39:56 Hand Cart
39:17 Two-Handed Swordsman
41:38 Two-Man Saw
40:19 Champion
42:33 Blast Furnace
44:44 Heavy Scorpion
48:48 Crenellations
49:58 Fletching
50:32 Guard Tower
50:29 Arrowslits
50:42 Elite Skirmisher
51:24 Bodkin Arrow
51:29 Padded Archer Armor
53:31 Leather Archer Armor
Zen_Vampire
1:00 Loom
13:38 Feudal Age
17:25 Castle Age
15:46 Double-Bit Axe
18:14 Wheelbarrow
18:51 Horse Collar
33:29 Imperial Age
30:42 Elite Skirmisher
31:15 Fletching
31:26 Padded Archer Armor
32:52 Hand Cart
32:49 Gold Mining
32:51 Stone Mining
33:31 Leather Archer Armor
34:16 Bodkin Arrow
36:20 Thumb Ring
36:16 Bracer
37:21 Chemistry
37:03 Bow Saw
37:01 Heavy Plow
38:19 Gold Shaft Mining
38:21 Conscription
38:15 Scale Mail Armor
39:14 Ring Archer Armor
40:07 Kataparuto
40:01 Town Watch
42:07 Two-Man Saw
42:14 Caravan
42:40 Guard Tower
45:20 Chain Mail Armor
45:16 Forging
44:28 Elite Samurai
44:52 Elite Samurai
45:43 Forging
46:13 Pikeman
47:25 Plate Mail Armor
Connection lost

Rejoining the realm…

Still unreachable

The connection could not be restored.

Session expired

The server has moved on; the page needs a fresh start.